 Dungeon Crawl Stone Soup version 0.21-a0-496-g696f58f (webtiles) character file.

130 slep the Covered (level 4, -7/34 HPs)
             Began as a Demonspawn Wanderer on Nov 24, 2017.
             Killed by nerve-wracking pain
             ... invoked by an orc priest
              (10 damage)
             ... on level 3 of the Dungeon.
             The game lasted 00:08:43 (1741 turns).

slep the Covered (Demonspawn Wanderer)              Turns: 1741, Time: 00:08:44

Health: -7/34      AC: 13    Str: 12    XL:     4   Next: 90%
Magic:  4/4        EV:  5    Int: 12    God:
Gold:   71         SH:  0    Dex: 15    Spells: 3/3 levels left

rFire    . . .     SeeInvis .   u - +0 mace
rCold    . . .     Gourm    .   (no shield)
rNeg     . . .     Faith    .   j - +0 chain mail
rPois    .         Spirit   .   (no helmet)
rElec    .         Reflect  .   (no cloak)
rCorr    .         Harm     .   (no gloves)
MR       .....                  k - +1 pair of boots
Stlth    ..........             (no amulet)
HPRegen  0.11/turn              g - ring of wizardry
MPRegen  0.09/turn              (no ring)

@: no status effects
A: yellow scales 1, spiny 1
a: no special abilities


You were on level 3 of the Dungeon.
You were not hungry.

You visited 1 branch of the dungeon, and saw 3 of its levels.

You collected 71 gold pieces.

Inventory:

Hand Weapons
 a - a +2 shortbow
 i - a +0 flail
 u - a +0 mace (weapon)
Missiles
 b - 66 arrows
 w - a tomahawk (quivered)
Armour
 j - a +0 chain mail (worn)
 k - a +1 pair of boots (worn)
Jewellery
 g - a ring of wizardry (left hand)
 h - a cursed amulet of regeneration {unknown}
Scrolls
 c - a scroll of remove curse {unknown}
 e - 3 scrolls of random uselessness {unknown}
 l - 2 scrolls of magic mapping {unknown}
 o - 5 scrolls of identify {unknown}
 r - a scroll of blinking {unknown}
 s - 3 scrolls of fog {unknown}
 t - a scroll of noise {unknown}
 v - a scroll of enchant armour {unknown}
Potions
 d - a potion of curing
 m - a potion of brilliance {unknown}
 n - a potion of mutation {unknown}
 q - a potion of ambrosia {unknown}
Comestibles
 f - 3 bread rations
 p - 2 meat rations


   Skills:
 + Level 2.4 Fighting
   Level 1.0(1.5) Axes
 + Level 1.8(2.0) Maces & Flails
 + Level 2.0 Bows
 + Level 1.0 Throwing
 + Level 4.5 Armour
 + Level 0.3 Dodging
 + Level 0.2 Stealth
   Level 1.0 Evocations


You had 3 spell levels left.
You didn't know any spells.

Dungeon Overview and Level Annotations

Branches:
Dungeon (3/15)

Altars:
Makhleb
Uskayaw


Innate Abilities, Weirdness & Mutations

You are partially covered in yellow scales. (AC +2)
You are partially covered in sharp spines.


Message History

You hit the orc priest but do no damage.
The orc priest hits you with a flail of holy wrath.
* * * LOW HITPOINT WARNING * * *
You convulse.
* * * LOW HITPOINT WARNING * * *
The orc is struck by your spines.
You kill the orc!
You closely miss the orc priest.
The orc priest is struck by your spines.
The orc priest hits you but does no damage.
The worm is struck by your spines. The worm bites you but does no damage.
You barely miss the orc priest.
The orc priest is lightly wounded.
The orc priest calls down the wrath of Beogh upon you.
Pain shoots through your body!
* * * LOW HITPOINT WARNING * * *
The worm barely misses you.
The orc priest mumbles some strange prayers to Beogh against you.
Pain shoots through your body!
You die...

####..#
#.######..#
......#
#....<....#
##...##
######..#......
...# #..# ####.
#...# #####.(#
#....(.#
#.###..#
#...w######..
.......#@o......
.......#.†######
######>...#
###..# #..##
#..# #.## #.#


You could see a worm and an orc priest.

Vanquished Creatures
  An orc wizard (D:3)
  An adder (D:2)
  A worm (D:2)
  3 dart slugs (D:2)
  A leopard gecko (D:1)
  11 orcs
  9 bats
  3 giant cockroaches
  7 goblins
  7 hobgoblins
  5 jackals (D:1)
  2 quokkas (D:3)
  2 frilled lizards
  8 kobolds
  5 rats
66 creatures vanquished.

Notes
Turn   | Place    | Note
-------+----------+-------------------------------------------
     0 | D:1      | slep the Demonspawn Wanderer began the quest for the Orb.
     0 | D:1      | slep set off with: a +2 shortbow, 24 arrows, a +0 ring mail, a potion of curing, a bread ration
     0 | D:1      | Reached XP level 1. HP: 16/16 MP: 1/1
   103 | D:1      | Reached skill level 4 in Armour
   203 | D:1      | Gained mutation: You are partially covered in sharp spines. [demonic ancestry]
   203 | D:1      | Reached XP level 2. HP: 19/22 MP: 2/2
   452 | D:1      | Gained mutation: You are partially covered in yellow scales. (AC +2) [demonic ancestry]
   452 | D:1      | Reached XP level 3. HP: 27/27 MP: 3/3
   806 | D:2      | Found a burning altar of Makhleb.
  1114 | D:2      | Reached skill level 1 in Maces & Flails
  1251 | D:2      | Reached XP level 4. HP: 34/34 MP: 4/4
  1556 | D:3      | Noticed a dagger
  1557 | D:3      | Found a hide-covered altar of Uskayaw.
  1557 | D:3      | Noticed a dagger
  1741 | D:3      | Killed from afar by an orc priest

Vault maps used:
D:1:      lightli_arrival_windingriver, minmay_tree_intersection
D:2:      nicolae_overflow_crystal_walls
D:3:      dancing_weapons_uskayaw, serial_aquarium, aquarium_bridge_square,
          aquarium_bridge_square, aquarium_window_corridor_3,
          aquarium_window_fake, aquarium_window_fake, aquarium_window_fake,
          aquarium_view_2f, aquarium_view_2d

Skill      XL: |  1  2  3  4 |
---------------+-------------+-----
Armour         | 4 |  4.5
Maces & Flails | 1 |  1.8
Bows           | 2 |  2.0
Fighting       | |  2.4
Axes           | |  1.0
Throwing       | |  1.0
Dodging        | |  0.3
Stealth        | |  0.2
Evocations     | |  1.0

Action                   |  1- 3 |  4- 6 || total
-------------------------+-------+-------++-------
Melee: Club              |    87 |    35 ||   122
       Mace              |       |     9 ||     9
       Whip              |       |     2 ||     2
 Fire: Shortbow          |    22 |     6 ||    28
  Use: Potion            |     1 |       ||     1
  Eat: Chunk             |     1 |     2 ||     3
Armor: Chain mail        |    80 |    28 ||   108
       Ring mail         |     6 |       ||     6
Dodge: Dodged            |    51 |    15 ||    66

Table legend:
 A = Spawn XP
 B = Non-spawn XP
 C = Spawn XP percentage of total XP
 D = Spawn monster count
 E = Non-spawn monster count
 F = Spawn count percentage of total count
 G = Total turns spent on level
                    A         B        C        D         E        F      G
               +---------+---------+-------+---------+---------+-------+---------
         Total |       0 |     187 |   0.0 |       0 |      66 |   0.0 |  1741
               +---------+---------+-------+---------+---------+-------+---------
           D:1 |       0 |      42 |   0.0 |       0 |      23 |   0.0 |   760
           D:2 |       0 |      75 |   0.0 |       0 |      29 |   0.0 |   753
           D:3 |       0 |      70 |   0.0 |       0 |      14 |   0.0 |   228
               +---------+---------+-------+---------+---------+-------+---------
